 Dungeon Crawl Stone Soup version 0.29.1-4-g47bece8355 (webtiles) character file.

Game seed: 14468126932268036077

8830 cheesebisquit the Cleaver (level 11, -1/105 HPs)
             Began as a Minotaur Berserker on Dec 6, 2022.
             Was a High Priest of Trog.
             Slain by a cyan very ugly thing (4 damage)
             ... on level 1 of the Abyss on Dec 8, 2022.
             The game lasted 01:27:10 (9777 turns).

cheesebisquit the Cleaver (Minotaur Berserker)      Turns: 9777, Time: 01:27:11

Health: -1/105     AC: 25    Str: 25    XL:     11   Next: 15%
Magic:  0/19       EV:  8    Int:  4    God:    Trog [*****.]
Gold:   583        SH:  0    Dex: 11    Spells: 10/10 levels left

rFire   + . .      SeeInvis +   p - +5 broad axe
rCold   + . .      Faith    .   (no shield)
rNeg    . . .      Spirit   +   J - +0 plate armour
rPois   +          Reflect  .   f - +4 hat of Lugonu's Hope {rPois MP+9 SInv}
rElec   +          Harm     .   D - +0 cloak
rCorr   +          Rampage  .   F - +1 pair of gloves
Will    .....                   k - +1 pair of boots
Stlth   ..........              w - amulet of guardian spirit
HPRegen 0.27/turn               (no ring)
MPRegen 0.16/turn               (no ring)

@: resistant, on berserk cooldown, slowed, very slow
A: horns 2, retaliatory headbutt
a: Renounce Religion, Berserk, Trog's Hand, Brothers in Arms


You were on level 1 of the Abyss.
You worshipped Trog.
Trog was extremely pleased with you.
You visited 1 branch of the dungeon, and saw 10 of its levels.
You visited the Abyss 1 time.

You collected 583 gold pieces.

Inventory:

Hand Weapons
 p - a +5 broad axe (weapon)
 G - a +1 war axe
Missiles
 c - 45 poisoned darts (quivered)
 d - 2 curare-tipped darts
 h - a throwing net
 m - 75 stones
 v - an atropa-tipped dart
 H - 5 silver javelins
Armour
 f - the +4 hat of Lugonu's Hope (worn) {rPois MP+9 SInv}
   (You acquired it on level 6 of the Dungeon)

   rPois:     It protects you from poison.
   MP:        It affects your magic capacity (+9).
   SInv:      It lets you see invisible.
 k - a +1 pair of boots (worn)
 D - a +0 cloak (worn)
 F - a +1 pair of gloves (worn)
 J - a +0 plate armour (worn)
Jewellery
 w - an amulet of guardian spirit (around neck)
Wands
 g - a wand of flame (12)
 l - a wand of mindburst (17)
 n - a wand of polymorph (11)
 y - a wand of roots (9)
 z - a wand of acid (9)
 C - a wand of digging (11)
Scrolls
 e - a scroll of blinking {unknown}
 i - a scroll of teleportation
 s - a scroll of vulnerability
 A - 2 scrolls of magic mapping
Potions
 j - 3 potions of brilliance
 o - a potion of flight
 r - a potion of invisibility
 B - a potion of haste
 I - a potion of cancellation


   Skills:
 + Level 12.4 Fighting
 + Level 14.0 Axes
 + Level 10.5 Armour
 - Level 2.1 Dodging


You had 10 spell levels left.
You didn't know any spells.
Your spell library was empty.

Dungeon Overview and Level Annotations

Branches:
Dungeon (10/15)            Temple (0/1) D:5            Lair (0/5) D:8
    Orc (0/2) D:9

Altars:
Nemelex Xobeh

Annotations:
D:10 Erolcha


Innate Abilities, Weirdness & Mutations

You have a pair of horns on your head.
You reflexively headbutt those who attack you in melee.


Message History

You slice the cyan very ugly thing!!
Your headbutt misses the cyan very ugly thing.
The cyan very ugly thing is heavily wounded.
You barely miss the cyan very ugly thing.
You headbutt the cyan very ugly thing!
The cyan very ugly thing is heavily wounded.
The cyan very ugly thing barely misses you.
You barely miss the cyan very ugly thing.
Your headbutt misses the cyan very ugly thing.
You punch the cyan very ugly thing.
The cyan very ugly thing is severely wounded.
A cyan very ugly thing comes into view.
The cyan very ugly thing gores you!
* * * LOW HITPOINT WARNING * * *
The cyan very ugly thing shocks you!!
* * * LOW HITPOINT WARNING * * *
You are too berserk!
The cyan very ugly thing gurgles horribly!
You hit the cyan very ugly thing. You headbutt the cyan very ugly thing!!
The cyan very ugly thing is almost dead.
You are no longer berserk.
You are exhausted.
You feel yourself slow down.
A cyan very ugly thing comes into view.
Okay, then.
You feel protected.
The cyan very ugly thing gurgles horribly!
The cyan very ugly thing gores you but does no damage.
A cyan very ugly thing comes into view.
The cyan very ugly thing gores you.
* * * LOW HITPOINT WARNING * * *
The cyan very ugly thing shocks you! You resist.
* * * LOW HITPOINT WARNING * * *
You completely miss the cyan very ugly thing.
The cyan very ugly thing gurgles horribly!
You headbutt the cyan very ugly thing.
The cyan very ugly thing is almost dead.
The cyan very ugly thing basks in the mutagenic energy from its kin and changes!
The cyan very ugly thing gores you.
You die...

......#....
............ ..
......... .≈.
....#.# .. ....
......#.. #..#
#........
.#...##........
.......@........
.......u........
.....#...###....
..~. #..## ...
..~ ..... . ..
..##.. . ...
#uu# .... ...u.#
. .. .. .


u You could see 4 very ugly things.

Vanquished Creatures
  A bone dragon (Abyss:1)
  Urug (D:10)
  An unseen horror (D:5)
  2 hornets
  Prince Ribbit (D:7)
  A shadow (D:10)
  13 yaks
  2 wraiths (D:10)
  A wyvern (D:9)
  A steam dragon (D:6)
  A vampire mosquito (D:8)
  Duvessa (D:4)
  An ice beast (D:7)
  3 black bears
  An ogre (D:6)
  3 orc warriors
  A centaur (D:7)
  A phantom (D:5)
  4 kobold brigands
  A bullfrog (D:7)
  A necrophage (D:4)
  4 scorpions
  5 wights (D:7)
  Dowan (D:4)
  5 killer bees (D:7)
  2 jellies
  5 hounds
  An orc priest (D:9)
  Crazy Yiuf (D:4)
  Jessica (D:3)
  7 iguanas
  7 orc wizards
  Ijyb (D:3)
  Robin (D:3)
  2 gnolls (D:1)
  8 adders
  A shadow imp (D:7)
  4 white imps
  2 worms (D:3)
  2 dart slugs
  25 orcs
  5 ball pythons
  5 bats
  8 endoplasms
  6 giant cockroaches
  27 goblins
  7 hobgoblins
  19 jackals
  4 quokkas
  5 frilled lizards
  22 kobolds
  6 rats
241 creatures vanquished.

Notes
Turn   | Place    | Note
-------+----------+-------------------------------------------
     0 | D:1      | cheesebisquit the Minotaur Berserker began the quest for
                  | the Orb.
     0 | D:1      | Reached XP level 1. HP: 19/19 MP: 0/0
   179 | D:1      | Reached skill level 4 in Axes
   184 | D:1      | Reached XP level 2. HP: 16/26 MP: 1/1
   420 | D:1      | Reached skill level 5 in Axes
   591 | D:1      | Reached XP level 3. HP: 24/31 MP: 2/2
   899 | D:1      | Reached ** piety under Trog
  1369 | D:2      | Reached skill level 6 in Axes
  1369 | D:2      | Reached XP level 4. HP: 35/39 MP: 3/3
  2242 | D:3      | Noticed Ijyb
  2253 | D:3      | Killed Ijyb
  2254 | D:3      | Reached skill level 7 in Axes
  2254 | D:3      | Reached XP level 5. HP: 20/45 MP: 4/4
  2544 | D:3      | Noticed Robin
  2555 | D:3      | Reached *** piety under Trog
  2560 | D:3      | Killed Robin
  2897 | D:3      | Noticed Jessica
  2905 | D:3      | Killed Jessica
  3279 | D:4      | Reached skill level 8 in Axes
  3284 | D:4      | Noticed a black bear
  3292 | D:4      | Killed a black bear
  3293 | D:4      | Reached XP level 6. HP: 37/53 MP: 3/5
  3473 | D:4      | Noticed Duvessa
  3476 | D:4      | Noticed Dowan
  3482 | D:4      | Killed Duvessa
  3483 | D:4      | Reached skill level 5 in Fighting
  3486 | D:4      | Killed Dowan
  3628 | D:4      | Reached XP level 7. HP: 58/61 MP: 6/6
  3657 | D:4      | Reached skill level 9 in Axes
  4050 | D:4      | Found a runed translucent door.
  4051 | D:4      | Noticed Crazy Yiuf
  4059 | D:4      | Killed Crazy Yiuf
  4508 | D:5      | Entered Level 5 of the Dungeon
  4532 | D:5      | Found a staircase to the Ecumenical Temple.
  4746 | D:5      | Reached skill level 10 in Axes
  4746 | D:5      | Reached XP level 8. HP: 29/73 MP: 1/7
  5148 | D:5      | Killed an unseen horror
  5150 | D:5      | Reached skill level 11 in Axes
  5150 | D:5      | Reached skill level 5 in Armour
  5154 | D:5      | Reached XP level 9. HP: 24/82 MP: 2/8
  6013 | D:6      | Identified a scroll of acquirement
  6013 | D:6      | Acquired the +4 hat of Lugonu's Hope {rPois MP+9 SInv}
  6825 | D:7      | Reached **** piety under Trog
  6840 | D:7      | Noticed Prince Ribbit
  6859 | D:7      | Killed Prince Ribbit
  6860 | D:7      | Reached skill level 10 in Fighting
  6860 | D:7      | Reached skill level 12 in Axes
  7252 | D:7      | Reached XP level 10. HP: 94/94 MP: 9/9
  7383 | D:7      | Found a sparkling altar of Nemelex Xobeh.
  7977 | D:8      | Found a staircase to the Lair.
  8748 | D:9      | Reached skill level 13 in Axes
  8934 | D:9      | Found a staircase to the Orcish Mines.
  9422 | D:10     | Entered Level 10 of the Dungeon
  9473 | D:10     | Noticed Urug
  9480 | D:10     | Reached ***** piety under Trog
  9488 | D:10     | Paralysed by Urug for 2 turns
  9492 | D:10     | Killed Urug
  9678 | D:10     | Reached skill level 10 in Armour
  9698 | D:10     | Noticed Erolcha
  9711 | Abyss:1  | Cast into level 1 of the Abyss (Erolcha)
  9749 | Abyss:1  | Noticed a bone dragon
  9753 | Abyss:1  | Noticed a cyan very ugly thing
  9771 | Abyss:1  | Killed a bone dragon
  9772 | Abyss:1  | Reached skill level 14 in Axes
  9772 | Abyss:1  | Reached XP level 11. HP: 47/105 MP: 5/10
  9774 | Abyss:1  | Noticed a cyan very ugly thing
  9775 | Abyss:1  | Noticed a cyan very ugly thing
  9776 | Abyss:1  | Noticed a cyan very ugly thing
  9776 | Abyss:1  | HP: 2/105 [cyan very ugly thing (7)]
  9777 | Abyss:1  | Slain by a cyan very ugly thing

Illustrated notes

Levels and vault maps discovered:
D:1:      minmay_arrival_wavy_path, layout_basic, chequers_avenue,
          minmay_pentomino_o4
D:2:      layout_loops_cross, serial_park_tiny_1, minmay_worlds_worst_comb
D:3:      layout_basic, uniq_robin, uniq_ijyb, uniq_jessica
D:4:      kennysheep_goblin_castle, layout_cave_pools, uniq_duvessa,
          uniq_crazy_yiuf_cottage
D:5:      layout_gridville, minmay_temple_entry_large_hall, enter_ossuary_1,
          minmay_chambers_of_fives
D:6:      layout_basic
D:7:      layout_rooms, mainiacjoe_overflow_alcove_1, uniq_prince_ribbit1
D:8:      layout_basic, lair_entry_dummy, kennysheep_generic_room_3
D:9:      layout_roguey, david_orc_2
D:10:     layout_cave_pools, minmay_overflow_temple_star_quad,
          nrook_mini_vaults, uniq_urug, uniq_erolcha
Abyss:1:  base:
D:6

Skill      XL: |  1  2  3  4  5  6  7  8  9 10 |
---------------+-------------------------------+-----
Axes           | 4 5 6 7 8 10 11 12 14 | 14.0
Fighting       | 4 5 7 8 10 12 | 12.4
Armour         | 5 7 10 | 10.5
Dodging        | |  2.1

Action                   |  1- 3 |  4- 6 |  7- 9 | 10-12 || total
-------------------------+-------+-------+-------+-------++-------
Melee: Hand axe          |    68 |   124 |    57 |       ||   249
       Headbutt          |     4 |    26 |    38 |    31 ||    99
       Punch             |       |     1 |     2 |     4 ||     7
       War axe           |       |       |   161 |   120 ||   281
       Broad axe         |       |       |       |    39 ||    39
Throw: Dart              |       |     5 |     9 |     4 ||    18
       Stone             |       |     2 |     1 |       ||     3
Invok: Berserk           |     2 |     4 |     8 |     5 ||    19
       Trog's Hand       |       |       |     3 |       ||     3
  Use: Scroll            |       |       |    11 |     7 ||    18
       Potion            |       |       |    11 |     1 ||    12
Armor: Animal skin       |     9 |       |       |       ||     9
       Leather armour    |    24 |     4 |       |       ||    28
       Chain mail        |       |    42 |   160 |    26 ||   228
       Skin              |       |       |    47 |       ||    47
       Plate armour      |       |       |       |    68 ||    68
Dodge: Dodged            |    45 |    48 |    72 |    44 ||   209
